 Dungeon Crawl Stone Soup version bcrawl-1.41.1 (console) character file.

Game seed: 16584314357346564373

245144 Burana the Cudgeler (level 7, -4/57 HPs)
             Began as an Oni Archaeologist on Apr 19, 2024.
             Slain by a sky beast (6 damage)
             ... on level 4 of the Dungeon.
             The game lasted 00:20:17 (3552 turns).

Burana the Cudgeler (Oni Archaeologist)             Turns: 3552, Time: 00:20:17

Health: -4/57      AC:  7    Str: 16    XL:     7   Next: 84%
Magic:  14/14      EV: 11    Int: 15    God:
Gold:   141        SH:  0    Dex:  6    Spells: 6/13 levels left

rFire    x . .     GDR:     17% a - +0 flail
rCold    + . .     SeeInvis .   (no shield)
rNeg     . . .     Gourm    .   h - +0 troll leather armour {Purgy}
rPois    .         Faith    .   d - +1 hat
rElec    .         Spirit   .   (no cloak)
rCorr    .         Reflect  .   (no gloves)
MR       ++...                  j - +1 pair of boots
Stlth    ++........             (no amulet)
HPRegen  0.59/turn              x - ring "Xumea" {Ice MR++ Dex-4}
MPRegen  0.14/turn              (no ring)

@: studying Maces & Flails
A: oni magic, claws 1, fangs 1, horns 1
a: no special abilities


You were on level 4 of the Dungeon.
You were hungry.

You visited 1 branch of the dungeon, and saw 4 of its levels.

You collected 141 gold pieces.

Inventory:

Hand Weapons
 a - a +0 flail (weapon)
 b - a +0 blowgun
 k - a +0 mace
 l - a +0 whip
Missiles
 f - 2 curare-tipped needles
 t - 740 stones (quivered)
Armour
 c - a +1 animal skin
 d - a +1 hat (worn)
 h - a +0 troll leather armour (worn) {Purgy}
 j - a +1 pair of boots (worn)
 n - a +0 scale mail
 u - a +0 ring mail
Jewellery
 x - the ring "Xumea" (left claw) {Ice MR++ Dex-4}
   (You found it on level 1 of the Dungeon)

   [ring of ice]

   It enhances your ice magic.
   It affects your dexterity (-4).
   It makes you vulnerable to fire.
   It protects you from cold.
   It affects your resistance to hostile enchantments.
Scrolls
 g - 2 scrolls of revelation
 i - a scroll of identify
 o - 2 scrolls of enchant armour {unknown}
 p - 2 scrolls of remove curse
 v - 3 scrolls of enchant weapon {unknown}
 w - a scroll of amnesia {unknown}
Potions
 m - a potion of flight
 r - a potion of brilliance {unknown}
 s - a potion of might {unknown}
Comestibles
 e - 8 rations {!d}
 q - 5 chunks of flesh


   Skills:
 - Level 3.0 Fighting
 + Level 7.6 Maces & Flails
 - Level 3.0 Dodging
 - Level 3.0 Stealth
 + Level 3.5 Spellcasting
   Level 3.5 Conjurations
   Level 3.5 Hexes
   Level 3.5 Charms
   Level 3.5 Summonings
   Level 3.5 Necromancy
   Level 3.5 Translocations
   Level 3.5 Transmutations
   Level 3.5 Fire Magic
   Level 3.5 Ice Magic
   Level 3.5 Air Magic
   Level 3.5 Earth Magic
   Level 3.5 Poison Magic


You had 6 spell levels left.
You knew the following spells:

 Your Spells              Type           Power        Failure   Level  Hunger
a - Shackle               Hex            ##......     7%          2    None
b - Ensorcelled Hibernat  Hex/Ice        ###...       9%          2    None
c - Vampiric Draining     Necr           ##........   13%         3    ####...

Your spell library contained the following spells:

 Spells                   Type           Power        Failure   Level  Hunger


Dungeon Overview and Level Annotations

Branches:
Dungeon (4/12)
 Temple: D:4-7

Altars:
Ashenzari
Gozag
Hepliaklqana
Kikubaaqudgha
Lugonu
Makhleb
Nemelex Xobeh
Uskayaw
Yredelemnul

Annotations:
D:3 3 runed translucent doors, foxfromabyss's ghost, amateur OgFi


Innate Abilities, Weirdness & Mutations

You learn spells by gaining experience, not through books or religion.
You only train spellcasting to practice magic.
You have sharp fingernails.
You have very sharp teeth.
You have a pair of small horns on your head.


Message History

The sky beast hits you.
* * * LOW HITPOINT WARNING * * *
The sky beast shocks you.
* * * LOW HITPOINT WARNING * * *
The rat barely misses you.
You barely miss the sky beast.
The sky beast is severely wounded.
The sky beast hits you.
* * * LOW HITPOINT WARNING * * *
The sky beast shocks you.
* * * LOW HITPOINT WARNING * * *
The rat bites you but does no damage.
Okay, then.
As you read the scroll labeled BAHUOKLA LIGRA, it crumbles to dust.
You feel blessed for a moment.
It was a scroll of remove curse.
The sky beast flickers out of sight!
Deactivating autopickup; reactivate with Ctrl-A.
Something hits you.
* * * LOW HITPOINT WARNING * * *
Something shocks you.
You die...

You could see a rat.

Vanquished Creatures
  Grinder (D:3)
  Sigmund (D:3)
  Purgy (D:3)
  An ogre (D:3)
  A bullfrog (D:3)
  A hound (D:3)
  A hound skeleton (D:4)
  3 gnolls (D:3)
  4 adders (D:3)
  A dart slug (D:2)
  5 leopard geckos
  2 orcs
  A giant cockroach (D:2)
  7 goblins
  5 jackals (D:3)
  12 kobolds
  2 quokkas
  4 bats
  4 frilled lizards
  5 rats
62 creatures vanquished.

Notes
Turn   | Place    | Note
-------+----------+-------------------------------------------
     0 | D:1      | Burana the Oni Archaeologist began the quest for the Orb.
     0 | D:1      | Reached XP level 1. HP: 16/16 MP: 3/3
   454 | D:1      | Reached XP level 2. HP: 21/23 MP: 4/4
   992 | D:1      | Got a faintly glowing iron ring
  1064 | D:1      | Identified the ring "Xumea" {Ice MR++ Dex-4} (You found it
                  | on level 1 of the Dungeon)
  1413 | D:2      | Reached skill level 2 in Maces & Flails
  1431 | D:2      | Reached XP level 3. HP: 27/28 MP: 5/5
  1510 | D:2      | Found an opulent altar of Gozag.
  1678 | D:2      | Found a hide-covered altar of Uskayaw.
  1696 | D:2      | Found an ancient bone altar of Kikubaaqudgha.
  1790 | D:2      | Found a burning altar of Makhleb.
  1858 | D:2      | Reached skill level 1 in Spellcasting
  2118 | D:2      | Found a basalt altar of Yredelemnul.
  2288 | D:3      | Found a runed translucent gate.
  2288 | D:3      | Found a runed translucent gate.
  2288 | D:3      | Found a runed translucent gate.
  2289 | D:3      | Noticed foxfromabyss's ghost (amateur OgFi)
  2361 | D:3      | Found a shattered altar of Ashenzari.
  2382 | D:3      | Reached XP level 4. HP: 21/35 MP: 7/7
  2632 | D:3      | Noticed a bullfrog
  2646 | D:3      | Killed a bullfrog
  2647 | D:3      | Reached skill level 3 in Maces & Flails
  2647 | D:3      | Reached XP level 5. HP: 26/40 MP: 8/10
  2647 | D:3      | Identified a scroll of acquirement
  2647 | D:3      | Identified the ring "Wosoeduwa" {EV+3 Str+4} (You acquired
                  | it on level 3 of the Dungeon)
  2654 | D:3      | Learned a level 2 spell: Shackle
  2657 | D:3      | Learned a level 2 spell: Ensorcelled Hibernation
  2715 | D:3      | Noticed Purgy
  2716 | D:3      | Noticed Grinder
  2750 | D:3      | Killed Purgy
  2751 | D:3      | Reached skill level 4 in Maces & Flails
  2751 | D:3      | Reached XP level 6. HP: 32/48 MP: 1/11
  2806 | D:3      | Learned a level 3 spell: Vampiric Draining
  2825 | D:3      | Found a sparkling altar of Nemelex Xobeh.
  2827 | D:3      | Found a corrupted altar of Lugonu.
  2828 | D:3      | Paralysed by Grinder for 4 turns
  2863 | D:3      | Paralysed by Grinder for 4 turns
  2981 | D:3      | Found a hazy altar of Hepliaklqana.
  3090 | D:3      | Noticed Sigmund
  3100 | D:3      | Killed Sigmund
  3101 | D:3      | Reached skill level 5 in Maces & Flails
  3101 | D:3      | Reached XP level 7. HP: 55/56 MP: 11/13
  3333 | D:3      | Reached skill level 6 in Maces & Flails
  3353 | D:3      | Killed Grinder
  3354 | D:3      | Reached skill level 7 in Maces & Flails
  3552 | D:4      | HP: 2/57 [something (3)]
  3552 | D:4      | Slain by a sky beast

Skill      XL: |  1  2  3  4  5  6  7 |
---------------+----------------------+-----
Dodging        | 3 |  3.0
Stealth        | 3 |  3.0
Maces & Flails | 2 3 4 5 7 |  7.6
Spellcasting   | 1 2 3 |  3.5
Fighting       | 2 3 |  3.0
Conjurations   | |  3.5
Hexes          | |  3.5
Charms         | |  3.5
Summonings     | |  3.5
Necromancy     | |  3.5
Translocations | |  3.5
Transmutations | |  3.5
Fire Magic     | |  3.5
Ice Magic      | |  3.5
Air Magic      | |  3.5
Earth Magic    | |  3.5
Poison Magic   | |  3.5

Action                   |  1- 3 |  4- 6 |  7- 9 || total
-------------------------+-------+-------+-------++-------
Melee: Whip              |    59 |       |       ||    59
       Headbutt          |    14 |    12 |     5 ||    31
       Bite              |     9 |     2 |     3 ||    14
       Mace              |    82 |    13 |       ||    95
       Flail             |       |    57 |    63 ||   120
 Fire: Blowgun           |       |     4 |       ||     4
Throw: Stone             |     2 |     1 |     1 ||     4
 Cast: Ensorcelled Hiber |       |     5 |       ||     5
  Use: Scroll            |     2 |     1 |     1 ||     4
       Potion            |       |     1 |       ||     1
 Stab: Sleeping          |       |     1 |       ||     1
  Eat: Chunk             |     8 |     6 |     2 ||    16
Armor: Animal skin       |     3 |       |       ||     3
       Scale mail        |    34 |       |       ||    34
       Ring mail         |    17 |     9 |       ||    26
       Troll leather arm |       |    30 |    33 ||    63
Dodge: Dodged            |    88 |    50 |    37 ||   175
